 Dungeon Crawl Stone Soup version 0.23.1-41-g7e51ed3 (console) character file.

Game seed: 6393621249804675732

9656 fly the Carver (level 11, 0/64 HPs)
             Began as a Tengu Fighter on Mar 29, 2019.
             Was a High Priest of Okawaru.
             Slain by a wolf spider simulacrum (8 damage)
             ... on level 9 of the Dungeon.
             The game lasted 00:24:11 (12078 turns).

fly the Carver (Tengu Fighter)                     Turns: 12078, Time: 00:24:12

Health: 0/64       AC: 22    Str: 16    XL:     11   Next: 49%
Magic:  16/18      EV:  8    Int: 10    God:    Okawaru [*****.]
Gold:   473        SH: 13    Dex: 16    Spells: 10/10 levels left

rFire    + . .     SeeInvis .   a - +2 long sword (curse)
rCold    + . .     Gourm    .   v - +0 shield
rNeg     . . .     Faith    .   y - +1 plate armour {rF+}
rPois    .         Spirit   .   (helmet restricted)
rElec    .         Reflect  .   (no cloak)
rCorr    .         Harm     .   r - +0 pair of gloves
MR       .....                  (boots unavailable)
Stlth    ..........             (no amulet)
HPRegen  0.20/turn              g - ring of protection from cold
MPRegen  0.16/turn              I - +4 ring of protection

@: heroism
A: beak, talons 3, able to fly
a: Fly, Heroism, Finesse, Renounce Religion


You were on level 9 of the Dungeon.
You worshipped Okawaru.
Okawaru was extremely pleased with you.
You were hungry.

You visited 2 branches of the dungeon, and saw 10 of its levels.
You also visited: Ossuary.

You collected 473 gold pieces.

Inventory:

Hand Weapons
 a - a cursed +2 long sword (weapon)
 b - a +1 dagger of venom
Armour
 r - a +0 pair of gloves (worn)
 v - a +0 shield (worn)
 y - a +1 plate armour of fire resistance (worn)
 N - a +0 plate armour
Jewellery
 c - an uncursed ring of protection from magic
 g - a ring of protection from cold (left hand)
 q - an uncursed ring of poison resistance
 s - a +3 ring of dexterity
 B - a +2 ring of intelligence
 I - a +4 ring of protection (right hand)
Wands
 A - a wand of paralysis (10)
 J - a wand of digging (3)
 L - a wand of iceblast (1)
 M - a wand of polymorph (8)
Scrolls
 m - 4 scrolls of enchant weapon
 p - a scroll of fear
 t - 16 scrolls of teleportation
 w - 4 scrolls of remove curse
 x - 3 scrolls of amnesia {unknown}
 C - a scroll of magic mapping {unknown}
 D - 2 scrolls of fog
 E - a scroll of blinking
 G - a scroll of random uselessness {unknown}
 H - 3 scrolls of immolation
 O - a scroll of silence
 P - a scroll of enchant armour {unknown}
Potions
 d - a potion of might
 e - 3 potions of brilliance
 h - a potion of mutation
 j - 3 potions of ambrosia
 k - 4 potions of curing
 l - 3 potions of haste
 n - 2 potions of agility
 o - 4 potions of resistance
 u - 2 potions of magic
 z - 2 potions of lignification
 F - a potion of cancellation
Comestibles
 f - 16 rations


   Skills:
 - Level 6.2(11.2) Fighting
 - Level 10.0(15.0) Long Blades
 - Level 9.0(14.0) Armour
 + Level 8.8(13.8) Shields
 - Level 9.0 Evocations


You had 10 spell levels left.
You didn't know any spells.
Your spell library contained the following spells:

 Spells                   Type           Power        Failure   Level  Hunger
 Animate Skeleton         Necr           N/A          100%        1    ##.....
 Apportation              Tloc           #.....       100%        1    ##.....
 Confusing Touch          Hex            #.....       100%        1    ##.....
 Flame Tongue             Conj/Fire      #....        100%        1    ##.....
 Summon Small Mammal      Summ           #...         100%        1    ##.....
 Call Imp                 Summ           #.......     100%        2    ###....
 Throw Flame              Conj/Fire      #.....       100%        2    ###....
 Call Canine Familiar     Summ           #.......     100%        3    ####...
 Conjure Flame            Conj/Fire      #.......     100%        3    ####...
 Inner Flame              Hex/Fire       #.......     100%        3    ####...
 Summon Guardian Golem    Hex/Summ       #.......     100%        3    ####...
 Sticky Flame             Conj/Fire      #.......     100%        4    #####..
 Summon Ice Beast         Ice/Summ       #.......     100%        4    #####..
 Summon Lightning Spire   Summ/Air       #.......     100%        4    #####..
 Fireball                 Conj/Fire      #.........   100%        5    ######.


Dungeon Overview and Level Annotations

Branches:
Dungeon (9/15)             Temple (1/1) D:4            Lair (0/6) D:8
    Orc: D:9-12

Altars:
Ashenzari
Cheibriados
Dithmenos
Elyvilon
Fedhas
Gozag
Hepliaklqana
Kikubaaqudgha
Makhleb
Nemelex Xobeh
Okawaru
Qazlal
Ru
Sif Muna
Trog
Uskayaw
Vehumet
Wu Jian
Xom
Yredelemnul
Zin
The Shining One

Annotations:
D:8 Maurice
D:9 1 transporter


Innate Abilities, Weirdness & Mutations

You have a beak for a mouth.
You have claws for feet.
You can fly continuously.


Message History

You hit the ice beast but do no damage. You claw the ice beast.
You peck the ice beast, but do no damage.
The ice beast is moderately wounded.
The centaur warrior simulacrum hits you but does no damage.
You block the ice beast's attack.
The centaur warrior simulacrum hits you.
The centaur warrior simulacrum freezes you!
You resist.
* * * LOW HITPOINT WARNING * * *
You feel much better.
You block the wolf spider simulacrum's attack.
The wolf spider simulacrum bites you. The wolf spider simulacrum freezes you!
You resist.
You block the centaur warrior simulacrum's attack.
The centaur warrior simulacrum hits you but does no damage.
The wolf spider simulacrum hits you. The wolf spider simulacrum freezes you!
You resist.
* * * LOW HITPOINT WARNING * * *
The wolf spider simulacrum bites you!
You die...

#°°○)©)°°.####.## ##.
#○○○$[[○○°#.....# #.
#°○°○°☼○.°####..# #.
#°☼○○°°○○°# #..# #<
#.○○○☼○°°°# #..# #.
###°°°### #..# #.
#°☼.Y.○°#####..# #.
#○°#Z#Z○#......# #.
#○°.Y@Z☼#####..# #.
#########°°#©#Y☼# ##.#
## #...<...#☼°○.°°°# #.#
#.#######○○°☼☼○○######.#
#.# #########......# #.#
#.©....####### #.#
#......# #[# ##.##..#
#.# #.....# ##


You could see 3 ice beasts, a wolf spider simulacrum and 2 centaur warrior
simulacra.

Vanquished Creatures
  Harold (D:8)
  2 two-headed ogres
  Pikel (D:6)
  The ghost of kali666 the Shield-Bearer, a novice HuFi (D:5)
  Prince Ribbit (D:6)
  Grinder (D:6)
  A hippogriff (D:7)
  A shadow (D:9)
  A hungry ghost (D:9)
  Menkaure (D:6)
  3 ice beasts
  4 porcupines (D:8)
  Duvessa (D:6)
  5 orc warriors
  2 sky beasts
  3 black bears (D:8)
  8 ogres
  2 wolves (D:8)
  2 phantoms
  2 centaurs
  3 crocodiles (D:8)
  Blork the orc (D:4)
  3 bullfrogs
  Dowan (D:6)
  3 scorpions
  10 killer bees
  5 wights (D:6)
  2 howler monkeys (D:5)
  4 crimson imps
  3 bullfrog zombies
  A jelly (D:4)
  5 orc priests
  A centaur zombie (Ossuary)
  12 mummies (Ossuary)
  3 hounds
  9 orc wizards
  6 worker ants
  4 iguanas
  A hound zombie (D:5)
  2 hound skeletons
  A howler monkey zombie (Ossuary)
  4 worker ant zombies (Ossuary)
  A howler monkey skeleton (D:4)
  8 adders
  3 gnolls (D:3)
  2 oozes
  2 adder zombies (Ossuary)
  2 adder skeletons
  3 worms
  3 dart slugs
  5 leopard geckos
  34 orcs
  4 giant cockroaches
  11 goblins
  2 hobgoblins (D:1)
  15 jackals
  9 kobolds
  5 quokkas
  7 bats
  4 frilled lizards
  A giant cockroach zombie (D:5)
  A leopard gecko zombie (Ossuary)
  7 rats
256 creatures vanquished.

Vanquished Creatures (others)
  A howler monkey (D:6)
  A leopard gecko (D:6)
  2 withered plants (Ossuary)
4 creatures vanquished.

Grand Total: 260 creatures vanquished

Notes
Turn   | Place    | Note
-------+----------+-------------------------------------------
     0 | D:1      | fly the Tengu Fighter began the quest for the Orb.
     0 | D:1      | Reached XP level 1. HP: 14/14 MP: 2/2
   127 | D:1      | Reached XP level 2. HP: 16/19 MP: 3/3
   521 | D:1      | Reached skill level 3 in Long Blades
   629 | D:1      | Reached XP level 3. HP: 23/23 MP: 4/4
  1313 | D:2      | Reached XP level 4. HP: 26/28 MP: 5/5
  1328 | D:2      | Found a stormy altar of Qazlal.
  1434 | D:2      | Found a shadowy altar of Dithmenos.
  1434 | D:2      | Found a snail-covered altar of Cheibriados.
  1435 | D:2      | Found an ornate altar of the Wu Jian Council.
  1963 | D:3      | Reached skill level 4 in Long Blades
  2089 | D:3      | Gained mutation: You can fly continuously. [Tengu growth]
  2089 | D:3      | Reached XP level 5. HP: 32/32 MP: 6/6
  2113 | D:3      | Noticed an orc warrior
  2491 | D:2      | Killed an orc warrior
  2491 | D:2      | Reached skill level 5 in Armour
  2828 | D:3      | Reached skill level 5 in Long Blades
  2828 | D:3      | Reached XP level 6. HP: 21/37 MP: 7/7
  3427 | D:4      | Found a blossoming altar of Fedhas.
  3530 | D:4      | Found a sand-covered staircase.
  3602 | Ossuary  | Entered an ossuary
  3643 | Ossuary  | Reached skill level 6 in Long Blades
  3643 | Ossuary  | Reached XP level 7. HP: 27/41 MP: 8/8
  3956 | Ossuary  | Reached skill level 7 in Long Blades
  4761 | D:4      | Reached skill level 8 in Long Blades
  4870 | D:4      | Found a transporter.
  4895 | D:4      | Reached XP level 8. HP: 46/46 MP: 9/9
  4927 | D:4      | Found a glowing golden altar of the Shining One.
  4945 | D:4      | Found a staircase to the Ecumenical Temple.
  5072 | D:4      | Noticed Blork the orc
  5084 | D:4      | Killed Blork the orc
  5123 | Temple   | Entered the Ecumenical Temple
  5217 | Temple   | Became a worshipper of Warmaster Okawaru
  5298 | D:4      | Found an opulent altar of Gozag.
  5311 | D:4      | Found a transporter.
  5501 | D:4      | Reached skill level 9 in Long Blades
  5657 | D:5      | Entered Level 5 of the Dungeon
  5821 | D:5      | Reached skill level 1 in Evocations
  5927 | D:5      | Got an ominously black robe
  5938 | D:5      | Identified the cursed +1 robe of Greater Demons {rCorr
                  | Str-3 Slay+6} (You found it on level 5 of the Dungeon)
  6388 | D:5      | Found a transporter.
  6390 | D:5      | Noticed kali666's ghost (novice HuFi)
  6416 | D:5      | Found a transporter.
  7311 | D:5      | Reached * piety under Okawaru
  7311 | D:5      | Reached skill level 5 in Evocations
  7311 | D:5      | Reached XP level 9. HP: 50/50 MP: 13/13
  7668 | D:6      | Noticed Prince Ribbit
  7677 | D:6      | Noticed a two-headed ogre
  7682 | D:6      | Killed Prince Ribbit
  7686 | D:6      | Killed a two-headed ogre
  7686 | D:6      | Reached ** piety under Okawaru
  7745 | D:6      | Noticed Pikel
  7775 | D:6      | Killed Pikel
  7775 | D:6      | Reached XP level 10. HP: 45/56 MP: 17/17
  7903 | D:6      | Noticed Dowan
  7904 | D:6      | Noticed Duvessa
  7910 | D:6      | Noticed Grinder
  7928 | D:6      | Killed Grinder
  7943 | D:6      | Killed Duvessa
  7946 | D:6      | Killed Dowan
  8022 | D:6      | Noticed Menkaure
  8028 | D:6      | Killed Menkaure
  8290 | D:7      | Reached *** piety under Okawaru
  8552 | D:7      | Reached skill level 10 in Long Blades
  8985 | D:7      | Reached skill level 5 in Fighting
  9271 | D:5      | Killed kali666's ghost
  9271 | D:5      | Reached **** piety under Okawaru
  9679 | D:8      | Found a sacrificial altar of Ru.
  9712 | D:8      | Noticed Harold
  9712 | D:8      | Paralysed by Harold for 4 turns
  9729 | D:8      | Killed Harold
  9729 | D:8      | Reached skill level 5 in Shields
  9729 | D:8      | Reached XP level 11. HP: 39/64 MP: 18/18
  9985 | D:8      | Found a staircase to the Lair.
 10543 | D:8      | Noticed Maurice
 10974 | D:9      | Found a transporter.
 11409 | D:9      | Noticed a two-headed ogre
 11421 | D:9      | Killed a two-headed ogre
 11421 | D:9      | Reached ***** piety under Okawaru
 11832 | D:9      | Found a transporter.
 12078 | D:9      | Slain by a wolf spider simulacrum

Skill      XL: |  1  2  3  4  5  6  7  8  9 10 11 |
---------------+----------------------------------+-----
Long Blades    | 3 4 5 6 8 9 10 | 10.0
Armour         | 4 5 6 7 9 |  9.0
Evocations     | 5 9 |  9.0
Fighting       | 6 |  6.2
Shields        | 5 8 |  8.8

Action                   |  1- 3 |  4- 6 |  7- 9 | 10-12 || total
-------------------------+-------+-------+-------+-------++-------
Melee: Long sword        |    78 |   135 |   295 |   415 ||   923
       Kick              |    20 |    43 |   116 |   162 ||   341
       Peck              |    11 |    32 |    71 |   103 ||   217
Invok: Heroism           |       |       |       |     1 ||     1
Evoke: Wand              |       |       |    15 |    16 ||    31
  Use: Scroll            |       |     4 |    14 |     4 ||    22
       Potion            |       |     1 |     1 |     6 ||     8
 Stab: Distracted        |       |       |     1 |       ||     1
       Paralysed         |       |       |     9 |    12 ||    21
  Eat: Chunk             |     1 |     7 |    11 |    15 ||    34
       Ration            |       |       |     1 |       ||     1
Armor: Scale mail        |    29 |    22 |       |       ||    51
       Plate armour      |       |    42 |   121 |   208 ||   371
       Skin              |       |       |       |    23 ||    23
Dodge: Dodged            |    15 |    23 |    19 |    55 ||   112
Block: Shield            |    32 |    50 |   109 |   202 ||   393
       Rpst.: Long sword |     2 |     6 |     8 |    23 ||    39
